 Dungeon Crawl Stone Soup version 0.29-a0-284-gf9362112df (webtiles) character file.

Game seed: 3507851716651578406

32 being54 the Sneak (level 3, -10/16 HPs)
             Began as a Spriggan Enchanter on Mar 23, 2022.
             Killed by nerve-wracking pain
             ... invoked by Jessica
              (14 damage)
             ... on level 3 of the Dungeon.
             The game lasted 00:03:22 (2013 turns).

being54 the Sneak (Spriggan Enchanter)              Turns: 2013, Time: 00:03:22

Health: -10/16     AC:  0    Str:  4    XL:     3   Next: 10%
Magic:  3/8        EV: 20    Int: 16    God:
Gold:   36         SH:  5    Dex: 22    Spells: 2/7 levels left

rFire   . . .      SeeInvis +   (weapon currently unavailable)
rCold   . . .      Faith    .   (shield currently unavailable)
rNeg    . . .      Spirit   .   (body armour currently unavailable)
rPois   .          Reflect  +   (helmet currently unavailable)
rElec   .          Harm     .   (cloak currently unavailable)
rCorr   .          Rampage  .   (gloves unavailable)
Will    .....                   (boots unavailable)
Stlth   ++++......              e - amulet of reflection
HPRegen 0.05/turn               (ring currently unavailable)
MPRegen 0.11/turn               (ring currently unavailable)

@: bat-form, flying, very quick
A: fast, flying, no casting, tiny, no large weapons, unfitting armour, see
invisible, (speed 3)
a: no special abilities


You were on level 3 of the Dungeon.
You were a bat.
You visited 1 branch of the dungeon, and saw 3 of its levels.

You collected 36 gold pieces.

Inventory:

Hand Weapons
 a - a +1 dagger of protection (melded)
Armour
 b - a +0 robe
 h - a +1 robe of cold resistance (melded)
Jewellery
 e - an amulet of reflection (around neck)
 f - a +4 ring of protection (melded)
Scrolls
 d - 2 scrolls of teleportation
Potions
 c - 2 potions of invisibility
 g - a potion of cancellation {unknown}


   Skills:
 - Level 1.1 Short Blades
 - Level 2.6 Dodging
 + Level 6.6 Stealth
 - Level 2.6 Spellcasting
 - Level 3.6 Hexes


You had 2 spell levels left.
You knew the following spells:

 Your Spells              Type           Power      Damage    Failure   Level
a - Ensorcelled Hibernat  Hex/Ice        14%        N/A       14%         2
b - Confusing Touch       Hex            13%        N/A       13%         3

Your spell library contained the following spells:

 Spells                   Type           Power      Damage    Failure   Level
 Beastly Appendage        Tmut           4%         N/A       19%         1
 Searing Ray              Conj           4%         2d4       28%         2
 Wereblood                Tmut           2%         N/A       28%         2
 Tukima's Dance           Hex            13%        N/A       13%         3
 Dazzling Flash           Conj/Hex       14%        N/A       28%         3
 Inner Flame              Hex/Fire       7%         N/A       28%         3
 Spider Form              Tmut/Pois      2%         N/A       50%         3
 Sticky Flame             Conj/Fire      2%         2d3       88%         4


Dungeon Overview and Level Annotations

Branches:
Dungeon (2/15)

Altars:

Annotations:
D:3 Jessica


Innate Abilities, Weirdness & Mutations

You are a bat.
You are tiny and dextrous.
You move quickly.
You are flying.
Your equipment is almost entirely melded.
You are incapable of wielding weapons or throwing items.
You cannot cast spells.
You are very small and have problems with some larger weapons.
You are too small for most types of armour.
You have supernaturally acute eyesight. (SInv)
((You cover ground extremely quickly. (Speed+++)))


Message History

You continue putting on your +1 robe of cold resistance. x4
You finish putting on your +1 robe of cold resistance.
You feel resistant to cold.
Casting: Ensorcelled Hibernation (safe; 14% risk of failure)
Confirm with . or Enter, or press ? or * to list all spells.
Aiming: Ensorcelled Hibernation (safe; 14% risk of failure)
Press: ? - help, Shift-Dir - straight line, f/p - Jessica
Aim: Jessica, wielding a +0 club, wearing a +0 robe and carrying a wand of polymorph (6) (chance to affect: 50%) Jessica resists with some effort.
Jessica zaps a wand.
You resist with some effort.
Casting: Ensorcelled Hibernation (safe; 14% risk of failure)
Confirm with . or Enter, or press ? or * to list all spells.
Aiming: Ensorcelled Hibernation (safe; 14% risk of failure)
Press: ? - help, Shift-Dir - straight line, f/p - Jessica
Aim: Jessica, wielding a +0 club, wearing a +0 robe and carrying a wand of polymorph (5) (chance to affect: 50%) Jessica resists with some effort.
Jessica zaps a wand.
You resist with some effort.
Jessica gestures wildly while chanting.
Jessica seems to speed up.
Jessica zaps a wand.
You turn into a bat.
Your +1 dagger of protection melds into your body.
Your +1 robe of cold resistance melds into your body.
Your +4 ring of protection melds into your body.
Your +1 dagger of protection goes still.
You feel less resistant to cold. Jessica casts a spell at you.
Pain shoots through your body!
* * * LOW HITPOINT WARNING * * *
You can't do that in your present form.
Unknown command.
Unknown command.
There is an open door here.
Jessica is nearby!
Jessica mumbles some strange words.
Jessica blinks!
There is an open door here.
Jessica points at you and mumbles some strange words.
Pain shoots through your body!
Ouch! That really hurt!
You die...

#....#.b.#....# ##.#
#....#####....#### #..#
'.............'..####.##
#.............##......#########
###..#####..####@.............##
#P#..#...#..#P##.....########..#
#P#..#..P#..#.##.....# ####
#.#..#...#..#.##.#####
###..#####..####b#
#.............##.#
'.............'..#
#....#####....####
#....#...#....# ###'#######'###
###.#######.# ............#
#############


You could see Jessica (fast).

Vanquished Creatures
  A worm (D:3)
  2 ball pythons
  5 endoplasms
  A giant cockroach (D:1)
  3 hobgoblins
  3 jackals (D:1)
  3 bats (D:1)
  4 frilled lizards
  2 kobolds (D:1)
  2 rats (D:1)
26 creatures vanquished.

Notes
Turn   | Place    | Note
-------+----------+-------------------------------------------
     0 | D:1      | being54 the Spriggan Enchanter began the quest for the Orb.
     0 | D:1      | Reached XP level 1. HP: 9/9 MP: 5/5
   213 | D:1      | Reached skill level 5 in Stealth
   284 | D:1      | Reached XP level 2. HP: 7/13 MP: 6/6
   826 | D:1      | Learned a level 2 spell: Ensorcelled Hibernation
   902 | D:1      | Reached skill level 6 in Stealth
  1502 | D:2      | You fall into a shaft and drop 1 floor!
  1610 | D:3      | Reached XP level 3. HP: 10/16 MP: 8/8
  1614 | D:3      | Learned a level 3 spell: Confusing Touch
  1739 | D:3      | Got Sif Muna's Disquisition on Destructive Heat
  1916 | D:3      | Noticed Jessica
  2013 | D:3      | Killed from afar by Jessica

Illustrated notes

Levels and vault maps discovered:
D:1:      tarquinn_simple_flora_water_f, layout_loops_corners, fountainhead,
          st_stairs_3, minmay_misc_feat_x
D:2:      kennysheep_big_flooded_room, layout_basic
D:3:      layout_rooms, kennysheep_okawaru_gauntlet,
          hellmonk_ecumenical_altar_dog_temple, serial_aquarium,
          aquarium_bridge_square [aquarium_subvault_bridge,
          aquarium_subvault_bridge, aquarium_subvault_wall,
          aquarium_subvault_bridge], aquarium_window_1, aquarium_window_1,
          aquarium_window_1, aquarium_window_2, aquarium_view_2c,
          aquarium_balcony_3b, aquarium_pool_five, serial_shops,
          nicolae_shop_window_shopping, minmay_misc_feat_doors,
          kennysheep_generic_room_3, uniq_jessica

Skill      XL: |  1  2 |
---------------+-------+-----
Stealth        | 5 6 |  6.6
Short Blades   | |  1.1
Dodging        | |  2.6
Spellcasting   | |  2.6
Hexes          | |  3.6

Action                   || total
-------------------------++-------
Melee: Dagger            ||    96
 Cast: Ensorcelled Hiber ||     5
  Use: Scroll            ||     3
 Stab: Sleeping          ||    10
Armor: Robe              ||     6
Dodge: Dodged            ||    71
Block: Other             ||     9

Table legend: (Time is in decaauts)
 A = Elapsed time spent in this place.
 B = Non-inter-level travel time spent in this place.
 C = Inter-level travel time spent in this place.
 D = Time resting spent in this place.
 E = Time spent auto-exploring this place.
 F = Levels seen in this place.
 G = Mean time per level.
                   A        B        C        D        E       F      G
               +--------+--------+--------+--------+--------+-----+--------+
         Total |   1534 |   1504 |     30 |    303 |    945 |   3 |  511.3 |
       Dungeon |   1534 |   1504 |     30 |    303 |    945 |   3 |  511.3 |
               +--------+--------+--------+--------+--------+-----+--------+

Top non-repeatable levels by time:
     D:1: 1037 daAuts
     D:3: 413 daAuts
     D:2: 83 daAuts
